 Dungeon Crawl Stone Soup version 0.29-a0-378-gc08b2e8bf8 (webtiles) character file.

Game seed: 3276917998897255071

137 Bruhh the Chiller (level 5, -1/35 HPs)
             Began as a Human Ice Elementalist on May 5, 2022.
             Slain by a goblin
             ... wielding a +0 club
             ... led by Robin
              (3 damage)
             ... on level 3 of the Dungeon.
             The game lasted 00:06:15 (2816 turns).

Bruhh the Chiller (Human Ice Elementalist)          Turns: 2816, Time: 00:06:15

Health: -1/35      AC:  2    Str:  9    XL:     5   Next: 43%
Magic:  0/10       EV: 12    Int: 17    God:
Gold:   101        SH:  0    Dex: 13    Spells: 4/11 levels left

rFire   . . .      SeeInvis .   h - +0 dagger (holy)
rCold   . . .      Faith    .   (no shield)
rNeg    . . .      Spirit   .   a - +0 robe
rPois   .          Reflect  .   (no helmet)
rElec   .          Harm     .   j - scarf {repulsion}
rCorr   .          Rampage  .   (no gloves)
Will    .....                   (no boots)
Stlth   ++........              (no amulet)
HPRegen 0.11/turn               (no ring)
MPRegen 0.12/turn               (no ring)

@: repel missiles
A: no striking features
a: no special abilities


You were on level 3 of the Dungeon.
You visited 1 branch of the dungeon, and saw 3 of its levels.

You collected 101 gold pieces.

Inventory:

Hand Weapons
 h - a +0 dagger of holy wrath (weapon)
Armour
 a - a +0 robe (worn)
 f - a +0 cloak
 j - a scarf of repulsion (worn)
Jewellery
 k - a +4 ring of slaying
Wands
 p - a wand of iceblast (2)
Scrolls
 e - a scroll of fear {unknown}
 g - a scroll of amnesia {unknown}
 l - a scroll of identify {unknown}
 n - a scroll of enchant weapon {unknown}
 o - a scroll of poison {unknown}
Potions
 b - a potion of magic
 c - 5 potions of might {unknown}
 d - a potion of curing {unknown}
 i - a potion of lignification {unknown}
 m - a potion of flight {unknown}


   Skills:
 - Level 2.0 Dodging
 - Level 2.0 Stealth
 + Level 3.6 Spellcasting
 + Level 5.3 Ice Magic


You had 4 spell levels left.
You knew the following spells:

 Your Spells              Type           Power      Damage    Failure   Level
a - Freeze                Ice            84%        1d10      1%          1
b - Frozen Ramparts       Ice            42%        1d6       5%          3
c - Ozocubu's Armour      Ice            21%        N/A       5%          3

Your spell library contained the following spells:

 Spells                   Type           Power      Damage    Failure   Level
 Hailstorm                Conj/Ice       12%        3d5       50%         4


Dungeon Overview and Level Annotations

Branches:
Dungeon (3/15)

Altars:

Shops:
D:1 ?

Annotations:
D:3 Terence


Message History

The goblin wields a +0 hunting sling.
The goblin shoots a sling bullet.
The sling bullet hits you.
Casting: Frozen Ramparts (dangerous; 6% risk of failure)
Confirm with . or Enter, or press ? or * to list all spells.
A film of ice covers your body! The goblin barely misses you.
The wall freezes Robin.
Robin hits you with a +0 mace.
* * * LOW HITPOINT WARNING * * *
Terence the Incautious comes into view.
He is wielding a +0 hand axe and wearing a +2 scale mail of poison resistance.
Casting: Ozocubu's Armour (dangerous; 6% risk of failure)
Confirm with . or Enter, or press ? or * to list all spells.
Aiming: Freeze (safe; 1% risk of failure)
Press: ? - help, Shift-Dir - straight line, f - Robin
Aim: Robin, wielding a +0 mace, wearing a +0 animal skin and wearing a +0 helmet (heavily wounded)
You freeze Robin.
Robin is severely wounded.
The wall freezes Robin.
Robin closely misses you. The goblin hits you but does no damage.
Casting: Freeze (safe; 1% risk of failure)
Confirm with . or Enter, or press ? or * to list all spells.
Aiming: Freeze (safe; 1% risk of failure)
Press: ? - help, Shift-Dir - straight line, f/p - Robin
Aim: Robin, wielding a +0 mace, wearing a +0 animal skin and wearing a +0 helmet (severely wounded)
You freeze Robin.
Robin is almost dead.
The wall freezes Robin.
You kill Robin!
The hobgoblin hits you but does no damage.
The goblin barely misses you.
Terence drinks a potion.
Terence seems to speed up.
Your icy armour and frozen ramparts will break if you move.
Continue?
The goblin attacks as you move away! The goblin hits you with a +0 club.
* * * LOW HITPOINT WARNING * * *
Your icy armour cracks and falls away as you move.
The frozen ramparts melt away as you move.
The goblin hits you with a +0 club.
* * * LOW HITPOINT WARNING * * *
The hobgoblin attacks as you move away! The hobgoblin hits you.
* * * LOW HITPOINT WARNING * * *
The goblin attacks as you move away! The goblin hits you with a +0 club.
You die...

##.#'#########.###.#####.
.........................
##@........)##.###.#####.
.....#..###.##.# #.# #.
....gg(.# #.##.# #.# ###.
..#..g..###.##.# #.# #...
......†).....<.# #.# #...
.....ggg###.##.# #.# #.).
......gg@†..##.# #.#####.
.........................
........=..###.###.#####.
..#...#.#### #.# #.# ##
......#!# #.# #.#
........######.###.######
.........................
.##...(######.##########
#.........#


You could see Terence (fast), a hobgoblin and 7 goblins.

Vanquished Creatures
  Ijyb (D:3)
  Robin (D:3)
  4 adders
  A worm (D:2)
  4 ball pythons
  10 endoplasms
  4 giant cockroaches
  3 goblins
  4 hobgoblins
  4 jackals (D:2)
  9 kobolds
  4 quokkas
  A bat (D:2)
  4 frilled lizards
  4 rats
58 creatures vanquished.

Vanquished Creatures (others)
  11 plants (D:2)
11 creatures vanquished.

Grand Total: 69 creatures vanquished

Notes
Turn   | Place    | Note
-------+----------+-------------------------------------------
     0 | D:1      | Bruhh the Human Ice Elementalist began the quest for the
                  | Orb.
     0 | D:1      | Reached XP level 1. HP: 13/13 MP: 3/3
   335 | D:1      | Reached XP level 2. HP: 16/19 MP: 1/5
   561 | D:1      | Found Amotsa's Magic Scroll Boutique.
   670 | D:1      | Reached XP level 3. HP: 24/24 MP: 3/6
   675 | D:1      | Learned a level 3 spell: Frozen Ramparts
   679 | D:1      | Learned a level 3 spell: Ozocubu's Armour
  1445 | D:2      | Reached XP level 4. HP: 24/30 MP: 0/8
  2006 | D:2      | Reached skill level 5 in Ice Magic
  2610 | D:3      | Noticed Ijyb
  2618 | D:3      | Killed Ijyb
  2619 | D:3      | Reached XP level 5. HP: 30/35 MP: 3/10
  2807 | D:3      | Noticed Robin
  2812 | D:3      | Noticed Terence
  2814 | D:3      | Killed Robin
  2816 | D:3      | Slain by a goblin

Illustrated notes

Levels and vault maps discovered:
D:1:      tarquinn_simple_flora_water_f, layout_basic, serial_shops,
          nicolae_shop_stone
D:2:      layout_loops_ring, serial_forest, infiniplex_forest_clump_medium,
          infiniplex_forest_zigzag_1, infiniplex_forest_lined_2,
          infiniplex_forest_straight_2, infiniplex_forest_zigzag_1,
          infiniplex_forest_lined_room_, infiniplex_forest_clump_cross,
          infiniplex_forest_end_1, infiniplex_forest_straight_2
D:3:      layout_basic, corexii_hall_statues_i, uniq_natasha, uniq_ijyb,
          uniq_terence, uniq_robin, uniq_jessica

Skill      XL: |  1  2  3  4 |
---------------+-------------+-----
Spellcasting   | 3 |  3.6
Ice Magic      | 5 |  5.3
Dodging        | |  2.0
Stealth        | |  2.0

Action                   |  1- 3 |  4- 6 || total
-------------------------+-------+-------++-------
Melee: Unarmed           |     5 |       ||     5
       Dagger            |     1 |     1 ||     2
 Cast: Freeze            |    48 |    46 ||    94
       Frozen Ramparts   |     2 |     1 ||     3
       Ozocubu's Armour  |       |     1 ||     1
Armor: Robe              |    10 |     4 ||    14
Dodge: Dodged            |    49 |    29 ||    78

Table legend: (Time is in decaauts)
 A = Elapsed time spent in this place.
 B = Non-inter-level travel time spent in this place.
 C = Inter-level travel time spent in this place.
 D = Time resting spent in this place.
 E = Time spent auto-exploring this place.
 F = Levels seen in this place.
 G = Mean time per level.
                   A        B        C        D        E       F      G
               +--------+--------+--------+--------+--------+-----+--------+
         Total |   2815 |   2722 |     93 |    150 |   2119 |   3 |  938.3 |
       Dungeon |   2815 |   2722 |     93 |    150 |   2119 |   3 |  938.3 |
               +--------+--------+--------+--------+--------+-----+--------+

Top non-repeatable levels by time:
     D:1: 1489 daAuts
     D:2: 998 daAuts
     D:3: 328 daAuts
